 Dungeon Crawl Stone Soup version 0.31.0-9-g3a7656b989 (webtiles) character file.

Game seed: 3444142360491903816

55 qw the Shooter (level 3, 0/18 HPs)
             Began as a Spriggan Hunter on Feb 2, 2024.
             Slain by Ijyb
             ... wielding a +0 club
              (6 damage)
             ... on level 2 of the Dungeon.
             The game lasted 00:00:03 (919 turns).

qw the Shooter (Spriggan Hunter)                     Turns: 919, Time: 00:00:04

Health: 0/18       AC:  2    Str:  7    XL:     3   Next: 67%
Magic:  4/4        EV: 19    Int: 10    God:
Gold:   12         SH:  0    Dex: 20    Spells: 2/2 levels left

rFire   . . .        a - +3 shortbow
rCold   . . .        (shield currently unavailable)
rNeg    . . .        c - +0 robe
rPois   .            (helmet restricted)
rElec   .            (no cloak)
rCorr   .            (gloves unavailable)
SInv    +            (boots unavailable)
Will    +....        (no amulet)
Stlth   ++           f - ring of willpower
HPRegen 0.23/turn    (no ring)
MPRegen 0.09/turn

%: no passive effects
@: very quick
A: very small, no large weapons, unfitting armour, see invisible, speed 3
a: no special abilities


You were on level 2 of the Dungeon.
You visited 1 branch of the dungeon, and saw 2 of its levels.

You collected 12 gold pieces.


Innate Abilities, Weirdness & Mutations

You are very small and have problems with some larger weapons.
You are too small for most types of armour.
You have supernaturally acute eyesight. (SInv)
You cover ground extremely quickly. (Speed+++)


   Skills:
 - Level 1.5 Fighting
 + Level 4.9 Ranged Weapons
 - Level 4.0 Dodging
 - Level 1.5 Stealth


You had 2 spell levels left.
You didn't know any spells.
Your spell library was empty.

Inventory:

Hand Weapons
 a - a +3 shortbow (weapon)
Armour
 c - a +0 robe (worn)
Jewellery
 b - a +5 ring of evasion
 f - a ring of willpower (left hand)
Scrolls
 d - a scroll of enchant armour
Potions
 e - a potion of enlightenment {unknown}
 g - a potion of mutation {unknown}

Dungeon Overview and Level Annotations

Branches:
Dungeon (2/15)

Altars:

Annotations:
D:2 Ijyb


Message History

You shoot an arrow. The goblin shouts! x4
The arrow hits the goblin!
You kill the goblin!
Ijyb the Twisted Goblin comes into view.
She is wielding a +0 club and carrying a wand of flame.
A goblin comes into view. It is wielding a +0 dagger.
You shoot an arrow. The goblin shouts!
The arrow hits the goblin.
You kill the goblin!
You shoot an arrow. The arrow hits the goblin.
You kill the goblin!
You shoot an arrow. The arrow hits the goblin.
You kill the goblin!
You shoot an arrow. The arrow barely misses the goblin.
The arrow hits Ijyb but does no damage.
You shoot an arrow. The arrow hits the goblin.
The goblin is severely wounded.
You shoot an arrow. The arrow closely misses Ijyb.
The arrow hits the goblin!
You kill the goblin!
You shoot an arrow. The arrow hits Ijyb but does no damage.
The goblin completely misses you. Ijyb hits you with a +0 club.
You shoot an arrow. The arrow hits Ijyb.
Ijyb is lightly wounded.
The goblin hits you but does no damage. Ijyb completely misses you.
You shoot an arrow. The arrow closely misses Ijyb.
The goblin misses you. Ijyb completely misses you.
You shoot an arrow. The arrow barely misses Ijyb.
Ijyb zaps a wand.
The puff of flame hits you! The goblin misses you.
You shoot an arrow. The arrow hits Ijyb but does no damage.
Ijyb is lightly wounded.
Ijyb misses you. The goblin barely misses you. Ijyb hits you with a +0 club.
The goblin misses you.
You shoot an arrow. The arrow hits Ijyb but does no damage.
Ijyb is lightly wounded.
The goblin hits you with a +0 dagger. Ijyb barely misses you.
You shoot an arrow. The arrow hits Ijyb but does no damage.
Ijyb is lightly wounded.
The goblin completely misses you. Ijyb hits you with a +0 club.
You die...

........# # ...##...# .#
...##...# #######.#
..)##...#####.......####
#........##...#...##...#
####....................
........................
.........(..............
........##.##..g@..!....
######.........g........
..........)....#....
...##8.....8#.....##.
... #.....).#####..
8..)).8# #... ...)...
... ..... #.


You could see Ijyb and a goblin.

Vanquished Creatures
  2 adders (D:2)
  2 ball pythons (D:1)
  5 endoplasms
  A giant cockroach (D:2)
  8 goblins
  2 hobgoblins
  3 kobolds (D:1)
  A quokka (D:1)
  5 bats
  2 frilled lizards (D:1)
  4 rats
35 creatures vanquished.

Notes
Turn   | Place    | Note
-------+----------+-------------------------------------------
     0 | D:1      | qw the Spriggan Hunter began the quest for the Orb.
     0 | D:1      | Reached XP level 1. HP: 10/10 MP: 2/2
     0 | D:1      | 0 ||| qw: Version: 0.3-a-155-g5e7d8dd
     0 | D:1      | 0 ||| qw: Game counter: 2276
     0 | D:1      | 0 ||| qw: Melee chars always use a shield: true
     0 | D:1      | 0 ||| qw: God list: Okawaru
     0 | D:1      | 0 ||| qw: Allow faded altars: false
     0 | D:1      | 0 ||| qw: Do Orc after clearing Dungeon:15 true
     0 | D:1      | 0 ||| qw: Do second Lair branch before Depths: true
     0 | D:1      | 0 ||| qw: Lair rune preference: random
     0 | D:1      | 0 ||| qw: Goals: Normal
     0 | D:1      | 0 ||| PLANNING D:1-11
    64 | D:1      | Reached skill level 3 in Dodging
   232 | D:1      | Reached XP level 2. HP: 14/14 MP: 3/3
   733 | D:1      | 733 ||| UPGRADING to ring of willpower.
   734 | D:1      | 734 ||| READING 2 scrolls labelled GESUGASERRO.
   734 | D:1      | 734 ||| ENCHANTING +0 shortbow.
   735 | D:1      | 735 ||| READING scroll labelled IDAHIG HEUMY.
   736 | D:1      | 736 ||| READING 4 scrolls labelled AZUITR TOAW.
   736 | D:1      | 736 ||| IDENTIFYING viscous emerald potion
   737 | D:1      | 737 ||| READING 3 scrolls of identify.
   737 | D:1      | 737 ||| IDENTIFYING fizzy purple potion
   738 | D:1      | 738 ||| READING 2 scrolls of identify.
   738 | D:1      | 738 ||| IDENTIFYING scroll labelled KUUROMETRY
   739 | D:1      | 739 ||| READING scroll of identify.
   739 | D:1      | 739 ||| IDENTIFYING 3 scrolls labelled TABBATH KIEWUT
   740 | D:1      | 740 ||| READING 3 scrolls of enchant weapon.
   740 | D:1      | 740 ||| ENCHANTING +0 shortbow.
   741 | D:1      | 741 ||| READING 2 scrolls of enchant weapon.
   741 | D:1      | 741 ||| ENCHANTING +1 shortbow.
   742 | D:1      | 742 ||| READING scroll of enchant weapon.
   742 | D:1      | 742 ||| ENCHANTING +2 shortbow.
   743 | D:1      | 743 ||| DROPPING scroll of butterflies.
   744 | D:1      | 744 ||| DROPPING potion of attraction.
   745 | D:1      | 745 ||| DROPPING scroll of revelation.
   746 | D:1      | 746 ||| DROPPING potion of berserk rage.
   762 | D:2      | 762 ||| STAIRDANCE
   805 | D:2      | Reached XP level 3. HP: 16/18 MP: 4/4
   906 | D:2      | Noticed Ijyb
   919 | D:2      | Slain by Ijyb

Levels and vault maps discovered:
D:1:      nicolae_arrival_memento_mori, layout_basic, chequers_decorated_corner
D:2:      kennysheep_the_goblin_king, layout_rooms

Skill      XL: |  1  2 |
---------------+-------+-----
Dodging        | 3 4 |  4.0
Fighting       | |  1.5
Ranged Weapons | |  4.9
Stealth        | |  1.5

Action                     || total
---------------------------++-------
   Fire: Shortbow          ||    96
    Use: Scroll            ||     9
 Armour: Robe              ||    14
  Dodge: Dodged            ||    42

Table legend:
 A = Non-vault XP
 B = Vault XP
 C = Vault XP percentage of total XP
 D = Non-vault monster count
 E = Vault monster count
 F = Vault count percentage of total count
                 A         B        C        D         E       F
            +---------+---------+-------+---------+---------+-------
      Total |      69 |      10 |  12.7 |      30 |       5 |  14.3
            +---------+---------+-------+---------+---------+-------
        D:1 |      30 |       0 |   0.0 |      21 |       0 |   0.0
        D:2 |      39 |      10 |  20.4 |       9 |       5 |  35.7
            +---------+---------+-------+---------+---------+-------
